 Dungeon Crawl Stone Soup version 0.21-a0-426-g98080a9 (webtiles) character file.

1773 Ijustatesigmund the Shield-Bearer (level 9, -10/59 HPs)
             Began as an Octopode Enchanter on Nov 7, 2017.
             Was a Follower of Okawaru.
             Mangled by an orc warrior
             ... wielding a cursed -2 trident
              (16 damage)
             ... on level 7 of the Dungeon.
             The game lasted 00:25:22 (8169 turns).

Ijustatesigmund the Shield-Bearer (OpEn)            Turns: 8169, Time: 00:25:25

Health: -10/59     AC:  1    Str:  5 (7)  XL:     9   Next: 7%
Magic:  12/12      EV: 12    Int: 17      God:    Okawaru [*.....]
Gold:   397        SH:  0    Dex: 14 (16) Spells: 9/12 levels left

rFire    + . .     SeeInvis .   e - +4 whip
rCold    . . .     Gourm    .   t - +0 shield
rNeg     . . .     Faith    .   (helmet restricted)
rPois    +         Spirit   .   (no amulet)
rElec    .         Reflect  .   h - ring of poison resistance
rCorr    .         Harm     .   (no ring)
MR       .....                  u - ring of stealth
Stlth    +++.......             B - ring of protection from fire
HPRegen  0.19/turn              (no ring)
MPRegen  0.13/turn              (no ring)
                                (no ring)
                                (no ring)

@: confused
A: almost no armour, stealthy swim, amphibious, 8 rings, constrict 8, camouflage
1, gelatinous body 1
a: Heroism, Renounce Religion


You were on level 7 of the Dungeon.
You worshipped Okawaru.
Okawaru was aware of your devotion.
You were hungry.

You visited 2 branches of the dungeon, and saw 8 of its levels.

You collected 397 gold pieces.

Inventory:

Hand Weapons
 a - a +1 dagger
 e - a +4 whip (weapon)
 f - a +1 whip of electrocution
 z - a +2 flail of venom
Missiles
 g - 6 curare-tipped needles
 y - 6 tomahawks (quivered)
Armour
 t - a +0 shield (worn)
Jewellery
 h - a ring of poison resistance (left tentacle)
 i - an uncursed ring of ice
 u - a ring of stealth (on tentacle)
 B - a ring of protection from fire (on tentacle)
Wands
 r - a wand of acid (12/15)
 v - a wand of digging (15/24)
 A - a wand of polymorph (5/24)
Scrolls
 k - a scroll of recharging
Potions
 j - 5 potions of curing
 m - a potion of cancellation {unknown}
 o - 2 potions of lignification {unknown}
 p - a potion of flight {unknown}
 q - a potion of haste
 x - 2 potions of mutation {unknown}
Books
 b - a book of Maledictions

   Spells                             Type                      Level
   a - Corona                         Hexes                        1
   b - Ensorcelled Hibernation        Hexes/Ice                    2
   c - Confuse                        Hexes                        3
   d - Tukima's Dance                 Hexes                        3
   e - Dazzling Spray                 Conjuration/Hexes            3
 n - a book of Clouds

   Spells                             Type                      Level
   a - Poisonous Vapours              Poison/Air                   2
   b - Mephitic Cloud                 Conjuration/Poison/Air       3
   c - Conjure Flame                  Conjuration/Fire             3
   d - Freezing Cloud                 Conjuration/Ice/Air          6
   e - Ring of Flames                 Charms/Fire                  7
Comestibles
 c - 4 bread rations
 d - 2 fruits


   Skills:
 - Level 4.3 Fighting
 - Level 1.9 Short Blades
 - Level 3.9 Maces & Flails
 - Level 2.0 Dodging
 - Level 4.0 Stealth
 + Level 7.3 Shields
 - Level 2.0 Spellcasting
 - Level 3.0 Hexes
 - Level 4.1 Ice Magic
 + Level 3.7 Invocations


You had 9 spell levels left.
You knew the following spells:

 Your Spells              Type           Power        Failure   Level  Hunger
a - Corona                Hex            ##.....      16%         1    #......
b - Ensorcelled Hibernat  Hex/Ice        ##....       19%         2    ###....


Dungeon Overview and Level Annotations

Branches:
Dungeon (7/15)             Temple (1/1) D:5

Altars:
Ashenzari
Cheibriados
Dithmenos
Elyvilon
Fedhas
Gozag
Kikubaaqudgha
Makhleb
Nemelex Xobeh
Okawaru
Qazlal
Ru
Sif Muna
Trog
Uskayaw
Vehumet
Wu Jian
Xom
Zin
The Shining One


Innate Abilities, Weirdness & Mutations

You cannot wear most types of armour.
You are very stealthy in the water. (Stealth+)
You are amphibious.
You can wear up to eight rings at the same time.
You can use your tentacles to constrict eight enemies at once.
Your skin changes colour to match your surroundings (Stealth+).
Your rubbery body absorbs attacks. (AC +1, EV +1)


Message History

The orc warrior hits you from afar with an enchanted trident!
* * * LOW HITPOINT WARNING * * *
A quokka comes into view.
The orc wizard gestures at you while chanting.
The puff of flame hits you! You resist.
* * * LOW HITPOINT WARNING * * *
The orc wizard gestures wildly while chanting.
The orc wizard seems to speed up.
The orc wizard hits you with a dagger.
* * * LOW HITPOINT WARNING * * *
The orc warrior hits you from afar with an enchanted trident!
* * * LOW HITPOINT WARNING * * *
You feel much better.
The orc wizard hits you but does no damage.
The orc wizard hits you with a dagger.
* * * LOW HITPOINT WARNING * * *
The orc wizard hits you with a dagger.
* * * LOW HITPOINT WARNING * * *
The orc warrior hits you from afar with an enchanted trident!
You die...

##### #.# #.....# #.# #.# ...#
#.###.).8.+ #.# #.#
##.#####..##.#...# #.# #.#
######.........##.#...## #.# ###
...)............#..#.#.##.#.#
..............#.#.(...Y...#....#
..................o...........##
......#.#######.#oo#.#.####...#
........# ##.@or#.#.# #Y..#
.....#..# #..........# #...#
........# #.#...#.#..# #...#
....)...######.##..#.# . .....
.................>.# #
........######.##.##
#####..........##..
#####....########## .......#.#


You could see an orc warrior, an ice beast, 3 orc wizards and a quokka.

Vanquished Creatures
  The ghost of tilp the Chopper, a novice DDFi (D:7)
  The ghost of zorance the Chopper, an amateur HOFi (D:3)
  A water moccasin (D:6)
  An orc warrior (D:6)
  A phantom (D:5)
  A centaur (D:4)
  Blork the orc (D:4)
  A bullfrog (D:6)
  2 scorpions
  A crimson imp (D:5)
  2 bullfrog skeletons
  A hound (D:3)
  A jelly (D:6)
  2 centaur skeletons
  3 orc priests
  2 orc wizards
  Ijyb (D:3)
  2 worker ants
  Robin (D:2)
  A howler monkey skeleton (D:5)
  3 adders
  An adder skeleton (D:6)
  2 dart slugs
  A leopard gecko (D:5)
  18 orcs
  7 giant cockroaches
  20 goblins
  7 hobgoblins
  7 jackals
  5 kobolds
  4 quokkas
  4 bats
  6 frilled lizards
  2 jackal skeletons
  2 quokka skeletons (D:4)
  6 rats
122 creatures vanquished.

Notes
Turn   | Place    | Note
-------+----------+-------------------------------------------
     0 | D:1      | Ijustatesigmund the Octopode Enchanter began the quest for the Orb.
     0 | D:1      | Reached XP level 1. HP: 11/11 MP: 3/3
   212 | D:1      | Reached skill level 1 in Fighting
   212 | D:1      | Reached XP level 2. HP: 2/18 MP: 5/5
   484 | D:1      | Learned a level 2 spell: Ensorcelled Hibernation
   945 | D:2      | Reached XP level 3. HP: 18/23 MP: 6/6
  1083 | D:2      | Found a deep blue altar of Sif Muna.
  1129 | D:2      | Found a bloodstained altar of Trog.
  1149 | D:2      | Found a shimmering altar of Xom.
  1172 | D:2      | Found a shimmering altar of Xom.
  1173 | D:2      | Found a shimmering altar of Xom.
  1173 | D:2      | Found a shimmering altar of Xom.
  1174 | D:2      | Found a shimmering altar of Xom.
  1174 | D:2      | Found a shimmering altar of Xom.
  1177 | D:2      | Reached skill level 1 in Maces & Flails
  1235 | D:2      | Noticed Robin
  1504 | D:2      | Killed Robin
  1504 | D:2      | Reached XP level 4. HP: 30/30 MP: 2/7
  2017 | D:2      | Found an ancient bone altar of Kikubaaqudgha.
  2409 | D:3      | Noticed zorance's ghost (amateur HOFi)
  2815 | D:3      | Noticed Ijyb
  2829 | D:3      | Killed Ijyb
  2829 | D:3      | Reached XP level 5. HP: 30/36 MP: 8/8
  3126 | D:3      | Found a white marble altar of Elyvilon.
  3126 | D:3      | Found a snail-covered altar of Cheibriados.
  3127 | D:3      | Found a blossoming altar of Fedhas.
  3128 | D:3      | Found a stormy altar of Qazlal.
  3172 | D:3      | Killed zorance's ghost
  3172 | D:3      | Reached XP level 6. HP: 26/43 MP: 9/9
  3467 | D:3      | Reached skill level 1 in Shields
  4069 | D:4      | Reached skill level 2 in Shields
  4069 | D:4      | Reached XP level 7. HP: 33/49 MP: 10/10
  4079 | D:4      | Noticed Blork the orc
  4184 | D:4      | Reached skill level 3 in Shields
  4186 | D:4      | Killed Blork the orc
  4449 | D:4      | Reached skill level 4 in Shields
  4798 | D:5      | Entered Level 5 of the Dungeon
  4820 | D:5      | Found a sacrificial altar of Ru.
  4920 | D:5      | Found a glowing golden altar of the Shining One.
  5038 | D:5      | Found a staircase to the Ecumenical Temple.
  5244 | D:5      | Reached skill level 1 in Ice Magic
  5837 | D:6      | Reached skill level 5 in Shields
  5840 | D:6      | Reached XP level 8. HP: 32/54 MP: 11/11
  6623 | D:6      | Found a deep blue altar of Sif Muna.
  6668 | D:6      | Found an ornate altar of the Wu Jian Council.
  7139 | D:6      | Reached skill level 6 in Shields
  7371 | Temple   | Entered the Ecumenical Temple
  7385 | Temple   | Became a worshipper of Warmaster Okawaru
  7755 | D:7      | Noticed tilp's ghost (novice DDFi)
  7851 | D:7      | Killed tilp's ghost
  7851 | D:7      | Reached * piety under Okawaru
  7851 | D:7      | Reached skill level 7 in Shields
  7851 | D:7      | Reached XP level 9. HP: 45/59 MP: 12/12
  8123 | D:7      | Found a hide-covered altar of Uskayaw.
  8168 | D:7      | HP: 1/59 [orc warrior/enchanted trident (10)]
  8169 | D:7      | Mangled by an orc warrior

Vault maps used:
D:1:      minmay_arrival_open_corners
D:2:      old_standard_altar, bloody_trog, marbit_many_paths,
          kennysheep_big_empty_room, xom_redecorated, uniq_robin
D:3:      grunt_temple_overflow_open, grunt_ministairs_2, uniq_ijyb
D:4:      first_bread, uniq_blork_the_orc
D:5:      kennysheep_little_box, nicolae_ru_awakened_eye,
          minmay_temple_entry_grid, nrook_mini_backslash
D:6:      nicolae_overflow_crystal_walls, st_stairs_3, minivault_26,
          lemuel_blue_sif_altar
D:7:      kennysheep_mini, basic_altar, david_defended_altar_elf
Temple:   zaba_magenta_temple

Skill      XL: |  1  2  3  4  5  6  7  8 |
---------------+-------------------------+-----
Fighting       | 1 2 3 4 |  4.3
Maces & Flails | 1 2 3 |  3.9
Shields        | 2 5 7 |  7.3
Ice Magic      | 2 4 |  4.1
Invocations    | 3 |  3.7
Short Blades   | |  1.9
Dodging        | |  2.0
Stealth        | |  4.0
Spellcasting   | |  2.0
Hexes          | |  3.0

Action                   |  1- 3 |  4- 6 |  7- 9 || total
-------------------------+-------+-------+-------++-------
Melee: Dagger            |    31 |       |       ||    31
       Constrict         |    26 |    23 |    20 ||    69
       Tentacles         |    10 |    20 |    18 ||    48
       Whip              |    45 |   102 |   140 ||   287
Throw: Tomahawk          |       |       |     8 ||     8
 Cast: Ensorcelled Hiber |     3 |     1 |     3 ||     7
Evoke: Wand              |       |       |    14 ||    14
  Use: Potion            |     1 |     1 |     6 ||     8
       Scroll            |     4 |     6 |     6 ||    16
 Stab: Sleeping          |    11 |    12 |    11 ||    34
       Distracted        |       |     3 |       ||     3
  Eat: Chunk             |     2 |     6 |     8 ||    16
       Fruit             |       |     1 |     2 ||     3
       Royal jelly       |       |       |     2 ||     2
Armor: Skin              |     2 |     1 |     9 ||    12
Dodge: Dodged            |    40 |    51 |    46 ||   137
Block: Shield            |       |     3 |    47 ||    50

Table legend:
 A = Spawn XP
 B = Non-spawn XP
 C = Spawn XP percentage of total XP
 D = Spawn monster count
 E = Non-spawn monster count
 F = Spawn count percentage of total count
 G = Total turns spent on level
                    A         B        C        D         E        F      G
               +---------+---------+-------+---------+---------+-------+---------
         Total |       0 |    2534 |   0.0 |       0 |     122 |   0.0 |  8169
               +---------+---------+-------+---------+---------+-------+---------
           D:1 |       0 |      30 |   0.0 |       0 |      19 |   0.0 |  1092
           D:2 |       0 |      98 |   0.0 |       0 |      34 |   0.0 |  1162
           D:3 |       0 |     451 |   0.0 |       0 |      29 |   0.0 |  1285
           D:4 |       0 |     307 |   0.0 |       0 |       7 |   0.0 |  1261
           D:5 |       0 |     251 |   0.0 |       0 |      13 |   0.0 |  1358
           D:6 |       0 |     721 |   0.0 |       0 |      18 |   0.0 |  1492
           D:7 |       0 |     676 |   0.0 |       0 |       2 |   0.0 |   440
               +---------+---------+-------+---------+---------+-------+---------
